yumi yumi, chaotic male human Rogue ----------- |.........| ...{......| |..._d@...| ----------- yumi yumi the Rogue Experience level: 6 Strength: 16 Dexterity: 17 Constitution: 18 Intelligence: 8 Wisdom: 9 Charisma: 9 Health: 0(56) Energy: 22(22) Def: 10 Gold: 1011 Moves: 3886 Dungeon seed: KpW32P7KYYK8bLMq Game ID: yumi yumi_1528727237 Your Inventory: Coins $ - 1011 gold pieces Weapons b - 4 +0 daggers (in quiver) A - a +1 dagger C - a rusty +0 dwarvish short sword (weapon in hand) L - 3 +0 darts U - a cursed +1 elven dagger Armor B - an uncursed +0 pair of iron shoes (being worn) D - an uncursed +0 dwarvish mithril-coat (being worn) E - an uncursed +0 dwarvish iron helm (being worn) V - a cursed +0 cloak of magic resistance Y - an uncursed +0 dwarvish cloak (being worn) Scrolls g - 4 cursed scrolls of teleportation s - a cursed scroll of taming x - an uncursed scroll of scare monster G - an uncursed scroll of confuse monster J - a blessed scroll of teleportation Potions e - a cursed potion of paralysis Rings t - a blessed +1 ring of increase damage (on left hand) F - an uncursed ring of levitation K - an uncursed ring of polymorph control Wands h - a wand of striking (0:3) i - a cursed wand of lightning (0:5) j - a wand of speed monster (0:6) k - a wand of striking (0:5) l - a cursed wand of cold (0:6) o - a cursed wand of lightning (0:4) I - a wand of make invisible (0:5) Tools d - an uncursed lock pick f - an uncursed sack u - an uncursed towel P - an uncursed blindfold T - an uncursed bag of holding Gems q - an uncursed worthless piece of black glass r - an uncursed worthless piece of green glass y - an uncursed worthless piece of orange glass z - an uncursed worthless piece of white glass N - 2 uncursed worthless pieces of violet glass Contents of the sack: an uncursed spellbook of light Contents of the bag of holding: 1896 gold pieces a cursed amulet of magical breathing 3 uncursed food rations 3 uncursed scrolls of blank paper an uncursed scroll of create monster a cursed scroll of destroy armor 2 uncursed scrolls of food detection an uncursed scroll of light an uncursed scroll of magic mapping a cursed scroll of punishment a blessed potion of enlightenment an uncursed potion of object detection a cursed potion of object detection a cursed potion of speed a cursed ring of searching a cursed ring of teleport control a cursed wand of create monster (0:12) a cursed wand of create monster (0:11) a wand of undead turning (0:4) 4 uncursed tallow candles (0:200) a cursed jasper stone an uncursed worthless piece of blue glass a cursed worthless piece of blue glass 3 uncursed worthless pieces of red glass a cursed worthless piece of red glass an uncursed worthless piece of white glass a cursed worthless piece of yellow glass an uncursed worthless piece of yellowish brown glass Spells and supernatural/magical abilities: Name Level Category Fail Memory l - light 1 divination 100% 83% w - wizard lock 2 matter 100% 84% W - pray for help -- divine ? -- Your skills at the end: Fighting Skills Weapon Skills dagger [Basic] short sword [Basic] Spellcasting Skills Final Attributes: You were piously aligned. You were stealthy. You had a +1 damage bonus. You are dead. Vanquished creatures: a ghost 2 wolves a housecat a rope golem a water nymph a yellow light a shrieker 3 elf zombies 2 dwarves 2 giant bats 2 iguanas an acid blob a gas spore a hobbit 2 large kobolds a giant rat 3 cave spiders 2 brown molds a yellow mold a green mold 2 red molds 4 gnomes 3 geckos 7 jackals 2 goblins 2 grid bugs a bat 4 lichens a kobold zombie 5 newts 61 creatures vanquished. Voluntary challenges: You used a wielded weapon 45 times, starting on turn 4. You read items or engraved 40 times, starting on turn 471. You never genocided any monsters. You never polymorphed an object. You never changed form. You used no wishes. You never split a pudding. You wrote Elbereth's name 33 times, starting on turn 471. You never violated your personal moral code. Dungeon overview: The Dungeons of Doom: levels 1 to 9 Level 1 a long staircase Level 2 a general store, a fountain Level 3 an altar to Mog stairs to The Gnomish Mines Level 4 an altar to Issek, a fountain Level 5 some fountains Level 6 Level 7 Level 8 many fountains Level 9 <- You were here an altar to Issek, a fountain The Gnomish Mines: Level 4 stairs to The Dungeons of Doom History has recorded: On T:1 you entered the Dungeons of Doom to retrieve the Amulet of Yendor! On T:246 you advanced to experience level 2. On T:378 you reached level 2 of The Dungeons of Doom. On T:871 you reached level 3 of The Dungeons of Doom. On T:1033 you advanced to experience level 3. On T:1375 you reached level 4 of The Dungeons of Doom. On T:1448 you advanced to experience level 4. On T:1682 you reached level 5 of The Dungeons of Doom. On T:1831 you reached level 8 of The Dungeons of Doom. On T:1933 you reached level 7 of The Dungeons of Doom. On T:2048 you advanced to experience level 5. On T:2139 you reached level 6 of The Dungeons of Doom. On T:3618 you advanced to experience level 6. On T:3886 you reached level 9 of The Dungeons of Doom. Score breakdown: Gold: 2907 (11781 points) Experience: 6 levels (12456 points) Exploration: 9 levels ( 17.65%) (12000 points) Discoveries: 43 items ( 14.43%) (11395 points) Valuables value: (no points given unless you survive) Artifact value: 0 ( 0 points) Variety of kills: 30 monsters ( 7.87%) ( 8418 points) Turncount: 3886 turns ( -982 points) Survival: died (score multiplied by 80%) Total score: 44054 Latest messages: The kobold zombie misses. You destroy the kobold zombie! The dagger misses the soldier ant. The soldier ant bites! The soldier ant misses. You throw 2 daggers. The 1st dagger hits the soldier ant. The 2nd dagger hits the soldier ant! The soldier ant bites! The soldier ant stings! The dagger misses the soldier ant. The soldier ant bites! The soldier ant just misses! The soldier ant bites! The soldier ant stings! The werejackal changes into a jackal. The werejackal hits! You die... Final status: Goodbye yumi yumi the Rogue, killed by a werejackal... You died in The Dungeons of Doom on dungeon level 9 with 44054 points, and 2907 pieces of gold, after 3886 moves. You were level 6 with a maximum of 56 hit points when you died.